 Dungeon Sprint DCSS version 0.29-a0-643-ga013cefcf8 (webtiles) character file.

Game seed: 11402393868777830

7700000 greenreed the Axe Maniac (level 25, -12/214 HPs)
             Began as a Djinni Necromancer on June 19, 2022.
             Was the Champion of Makhleb.
             Mangled by a meat beast (18 damage)
             ... in the Dungeon (Sprint VIII: "Arena of Blood").
             The game lasted 00:04:51 (77 turns).

greenreed the Axe Maniac (Djinni Necromancer)         Turns: 77, Time: 00:04:52

Health: -12/214    AC:  3    Str: 15    XL:     25   Next: 49%
Gold:   0          EV: 29    Int: 18    God:    Makhleb [******] SH:  0 Dex: 17

rFire   + + .      SeeInvis +   g - +∞ Axe of Woe
rCold   x . .      Faith    .   (shield currently unavailable)
rNeg    . . .      Spirit   .   a - +0 robe
rPois   ∞          Reflect  .   (no helmet)
rElec   .          Harm     .   (no cloak)
rCorr   .          Rampage  .   (no gloves)
Will    ++...      NoTele   +   (boots unavailable)
Stlth   ++++++++++              (no amulet)
HPRegen 0.45/turn               h - ring of see invisible
MPRegen 0.00/turn               (no ring)

@: death channelling, flying
A: sickness immunity, fire resistance 2, cold vulnerability 1, float, innate
caster, HP casting, extra vitality 1
a: Renounce Religion, Minor Destruction, Lesser Servant of Makhleb, Major
Destruction, Greater Servant of Makhleb


You were in the Dungeon.
You worshipped Makhleb.
Makhleb was exalted by your worship.
You visited 1 branch

Inventory:

Hand Weapons
 g - the +∞ Axe of Woe (weapon)
   (You found it in the Dungeon)
Armour
 a - a +0 robe (worn)
Jewellery
 h - a ring of see invisible (left hand)
Scrolls
 f - a scroll of blinking
Potions
 b - a potion of curing
 c - a potion of heal wounds
 d - a potion of haste
 e - a potion of berserk rage


   Skills:
 O Level 27 Fighting
 + Level 19.5(22.6) Short Blades
 + Level 19.5(22.6) Long Blades
 O Level 27 Axes
 + Level 17.0(25.7) Maces & Flails
 + Level 17.0(25.7) Polearms
 + Level 18.4(23.8) Staves
 + Level 17.0(19.8) Slings
 + Level 17.0 Bows
 + Level 17.0 Crossbows
 + Level 17.0(19.8) Throwing
 + Level 19.9 Armour
 O Level 27 Dodging
 O Level 27 Stealth
 + Level 19.9 Shields
 + Level 19.9 Unarmed Combat
 O Level 27 Spellcasting
 + Level 19.9 Invocations
 + Level 19.9 Evocations


You had 3 spell levels left.
You knew the following spells:

 Your Spells              Type           Power      Damage    Failure   Level
a - Necrotize             Necr           100%       1d9       0%          1
b - Vampiric Draining     Necr           88%        2d12      0%          3
c - Animate Dead          Necr           88%        N/A       0%          4
d - Agony                 Necr           88%        N/A       0%          5
e - Sandblast             Erth           100%       2d20      0%          1
f - Poisonous Vapours     Pois/Air       100%       N/A       0%          2
g - Ignite Poison         Fire/Tmut/Pois 88%        N/A       0%          3
h - Frozen Ramparts       Ice            100%       1d12      0%          3
i - Metabolic Englaciati  Hex/Ice        44%        N/A       0%          5
j - Lee's Rapid Deconstr  Erth           44%        3d22*     0%          5
k - Death Channel         Necr           44%        N/A       0%          6
l - Simulacrum            Ice/Necr       44%        N/A       0%          6
m - Storm Form            Tmut/Air       44%        N/A       1%          7
n - Ignition              Fire           44%        3d13      1%          8
o - Lehudib's Crystal Sp  Conj/Erth      44%        10d11     1%          8
p - Maxwell's Capacitive  Air            44%        ∞         1%          8
Your spell library was empty.

Dungeon Overview and Level Annotations

Branches:
Dungeon (1/1)

Altars:
Makhleb


Innate Abilities, Weirdness & Mutations

You are immune to sickness and miasma.
You are immune to poison.
Your flesh is very heat resistant. (rF++)
You are vulnerable to cold. (rC-)
You float through the air rather than walking.
You learn spells naturally, not from books.
Your magical power is your life essence.
You have superior vitality. (+4 MHP)


Message History

The meat berserker convulses!
You hear a shout!
The meat berserker barely misses your spectral meat berserker.
The meat berserker hits your spectral meat beast with a +9 battleaxe!!!
Your spectral meat berserker barely misses the meat berserker.
You hear a shout! x3
Your base Short Blades skill increases to level 19!
Your base Long Blades skill increases to level 19!
Your base Maces & Flails skill gained 2 levels and is now at level 17!
Your base Polearms skill gained 2 levels and is now at level 17!
Your base Staves skill increases to level 18!
Your base Slings skill gained 2 levels and is now at level 17!
Your Bows skill gained 2 levels and is now at level 17!
Your Crossbows skill gained 2 levels and is now at level 17!
Your base Throwing skill gained 2 levels and is now at level 17!
Your Armour skill increases to level 19!
Your Shields skill increases to level 19!
Your Unarmed Combat skill increases to level 19!
Your Invocations skill increases to level 19!
Your Evocations skill increases to level 19!
You have reached level 25!
The power to cast Maxwell's Capacitive Coupling wells up from within.
Spell assigned to 'p'.
Casting: Death Channel (safe; 0% risk of failure)
Confirm with . or Enter, or press ? or * to list all spells.
Okay, then.
Unknown command.
A meat berserker comes into view. It is wielding a +9 battleaxe.
You hear a shout! x2
The meat berserker hits your spectral meat beast with a +9 battleaxe!!
Your spectral meat beast is destroyed!
You hear a shout! x2
The dread calls on the powers of darkness!
Your body is wracked with pain!
* * * LOW HITPOINT WARNING * * *
The large bag of meat convulses!
Flame seeps out of the large bag of meat.
The meat berserker convulses!
The bag of meat convulses!
The meat beast bites you!!
You die...

#################
#......)O.......####
......○°W)§........#
....##Z##.#####....
.......O.)§o........
###.....##O##))......
.......XW.LzX@2Z.....
....o....)#)#ZZO....#
.........).).W....###
#.......)).V.........
.#......)............
...o..)))...W........
......)))....W....O..
.....#).)....#.......
.... #.))....#.....


You could see a meat beast (fast), a tyrant, a destroyer (ally target), a
sculptor of flesh, a large bag of meat (inner flame, drained), 2 large
abominations, 3 dreads, 3 meat berserkers, a wretched soul (invisible), a bag of
meat, 2 friendly spectral meat berserkers and a friendly spectral meat beast.

Vanquished Creatures
  2 hell beasts (D)
  A royal mummy (D)
  A wraith (D)
  4 vampire knights (D)
  9 ogres (D)
  3 two-headed ogres (D)
  A lich (D)
  30 orcs (D)
  2 skeletal warriors (D)
53 creatures vanquished.

Notes
Turn   | Place    | Note
-------+----------+-------------------------------------------
     0 | D        | Found the +∞ Axe of Woe
     0 | D        | greenreed the Djinni Necromancer began the quest for the
                  | Orb.
     0 | D        | greenreed set off with the following spells memorised:
                  | Necrotize, Vampiric Draining, Animate Dead, Agony.
     0 | D        | Reached XP level 1. HP: 15/15 MP: 0/0
     4 | D        | Became a worshipper of Makhleb the Destroyer
     4 | D        | Noticed a bag of meat
     6 | D        | Noticed a bag of meat
     6 | D        | Noticed a bag of meat
     6 | D        | Noticed a bag of meat
     6 | D        | Noticed a bag of meat
     6 | D        | Noticed a bag of meat
     6 | D        | Noticed a bag of meat
     8 | D        | Noticed a bag of meat
     9 | D        | Killed a bag of meat
     9 | D        | Noticed a bag of meat
     9 | D        | Noticed a bag of meat
     9 | D        | Noticed a bag of meat
    10 | D        | Reached XP level 2. HP: 21/21 MP: 0/0
    10 | D        | Reached XP level 3. HP: 25/25 MP: 0/0
    10 | D        | Learned a level 1 spell: Sandblast
    10 | D        | Reached XP level 4. HP: 31/31 MP: 0/0
    10 | D        | Reached XP level 5. HP: 35/35 MP: 0/0
    10 | D        | Learned a level 2 spell: Poisonous Vapours
    10 | D        | Reached XP level 6. HP: 40/40 MP: 0/0
    10 | D        | Reached XP level 7. HP: 45/45 MP: 0/0
    10 | D        | Learned a level 3 spell: Ignite Poison
    10 | D        | Reached XP level 8. HP: 50/50 MP: 0/0
    10 | D        | Reached XP level 9. HP: 55/55 MP: 0/0
    10 | D        | Learned a level 3 spell: Frozen Ramparts
    10 | D        | Reached XP level 10. HP: 60/60 MP: 0/0
    10 | D        | Reached XP level 11. HP: 65/65 MP: 0/0
    10 | D        | Learned a level 5 spell: Metabolic Englaciation
    10 | D        | Noticed a bag of meat
    10 | D        | Noticed a bag of meat
    10 | D        | Noticed a bag of meat
    11 | D        | Killed a bag of meat
    11 | D        | Reached * piety under Makhleb
    12 | D        | Reached XP level 12. HP: 70/70 MP: 0/0
    12 | D        | Killed a bag of meat
    12 | D        | Noticed a meat berserker
    12 | D        | Noticed a bag of meat
    12 | D        | Noticed a bag of meat
    13 | D        | Reached skill level 10 in Stealth
    13 | D        | Reached XP level 13. HP: 75/75 MP: 0/0
    13 | D        | Learned a level 5 spell: Lee's Rapid Deconstruction
    13 | D        | Killed a bag of meat
    13 | D        | Killed a bag of meat
    13 | D        | Reached ** piety under Makhleb
    13 | D        | Noticed a meat berserker
    13 | D        | Noticed a bag of meat
    14 | D        | Reached skill level 15 in Dodging
    14 | D        | Reached XP level 14. HP: 88/88 MP: 0/0
    14 | D        | Killed a bag of meat
    14 | D        | Noticed a bag of meat
    15 | D        | Reached skill level 5 in Fighting
    15 | D        | Noticed a bag of meat
    15 | D        | Noticed a bag of meat
    15 | D        | Noticed a bag of meat
    15 | D        | Noticed a bag of meat
    16 | D        | Killed a bag of meat
    16 | D        | Killed a bag of meat
    16 | D        | Reached *** piety under Makhleb
    16 | D        | Noticed a meat berserker
    17 | D        | Reached skill level 27 in Axes
    17 | D        | Reached XP level 15. HP: 104/104 MP: 0/0
    17 | D        | Learned a level 6 spell: Death Channel
    17 | D        | Reached **** piety under Makhleb
    18 | D        | Killed a meat berserker
    19 | D        | Reached XP level 16. HP: 129/129 MP: 0/0
    19 | D        | Killed a meat berserker
    20 | D        | Noticed a meat berserker
    21 | D        | Reached XP level 17. HP: 142/142 MP: 0/0
    21 | D        | Learned a level 6 spell: Simulacrum
    21 | D        | Reached ***** piety under Makhleb
    23 | D        | Killed a meat berserker
    24 | D        | Reached skill level 27 in Fighting
    24 | D        | Reached skill level 27 in Dodging
    24 | D        | Reached XP level 18. HP: 135/167 MP: 0/0
    24 | D        | Reached ****** piety under Makhleb
    25 | D        | Noticed a destroyer
    27 | D        | Killed a meat berserker
    27 | D        | Noticed a large bag of meat
    28 | D        | Reached XP level 19. HP: 174/174 MP: 0/0
    28 | D        | Learned a level 7 spell: Storm Form
    30 | D        | Noticed a sculptor of flesh
    33 | D        | Noticed a meat berserker
    35 | D        | Killed a large bag of meat
    35 | D        | Noticed a large bag of meat
    36 | D        | Killed a destroyer
    37 | D        | Reached XP level 20. HP: 177/181 MP: 0/0
    37 | D        | Noticed a destroyer
    38 | D        | Reached skill level 27 in Stealth
    38 | D        | Reached skill level 27 in Spellcasting
    38 | D        | Noticed a large bag of meat
    38 | D        | Noticed a large bag of meat
    40 | D        | Noticed a destroyer
    41 | D        | Killed a meat berserker
    42 | D        | Reached skill level 5 in Short Blades
    42 | D        | Reached skill level 5 in Long Blades
    42 | D        | Reached skill level 5 in Staves
    42 | D        | Reached skill level 5 in Armour
    42 | D        | Reached skill level 5 in Shields
    42 | D        | Reached skill level 5 in Unarmed Combat
    42 | D        | Reached skill level 5 in Invocations
    42 | D        | Reached skill level 5 in Evocations
    42 | D        | Noticed a destroyer
    42 | D        | Killed a destroyer
    43 | D        | Reached XP level 21. HP: 176/187 MP: 0/0
    43 | D        | Learned a level 8 spell: Ignition
    44 | D        | Noticed an accursed
    48 | D        | Killed a destroyer
    49 | D        | Killed a destroyer
    50 | D        | Reached skill level 10 in Short Blades
    50 | D        | Reached skill level 10 in Long Blades
    50 | D        | Reached skill level 10 in Armour
    50 | D        | Reached skill level 10 in Shields
    50 | D        | Reached skill level 10 in Unarmed Combat
    50 | D        | Reached skill level 10 in Invocations
    50 | D        | Reached skill level 10 in Evocations
    51 | D        | Killed a large bag of meat
    51 | D        | Noticed a meat berserker
    52 | D        | Reached skill level 10 in Staves
    52 | D        | Reached XP level 22. HP: 179/194 MP: 0/0
    55 | D        | Killed a meat berserker
    56 | D        | Reached skill level 10 in Maces & Flails
    56 | D        | Reached skill level 10 in Polearms
    56 | D        | Reached skill level 10 in Slings
    56 | D        | Reached skill level 10 in Bows
    56 | D        | Reached skill level 10 in Crossbows
    56 | D        | Reached skill level 10 in Throwing
    56 | D        | Noticed an accursed
    57 | D        | Noticed a meat berserker
    58 | D        | Killed an accursed
    59 | D        | Killed a large bag of meat
    59 | D        | Noticed a meat berserker
    60 | D        | Reached XP level 23. HP: 121/201 MP: 0/0
    60 | D        | Learned a level 8 spell: Lehudib's Crystal Spear
    60 | D        | Noticed a dread
    62 | D        | Noticed a tyrant
    65 | D        | Noticed a tyrant
    65 | D        | Noticed a dread
    68 | D        | Noticed a meat beast
    68 | D        | Noticed a destroyer
    70 | D        | Killed a meat beast
    70 | D        | Killed a dread
    71 | D        | Reached XP level 24. HP: 191/208 MP: 0/0
    71 | D        | Noticed a dread
    71 | D        | Noticed a dread
    71 | D        | Noticed a meat beast
    72 | D        | Killed a tyrant
    73 | D        | Reached skill level 15 in Maces & Flails
    73 | D        | Reached skill level 15 in Polearms
    73 | D        | Reached skill level 15 in Slings
    73 | D        | Reached skill level 15 in Bows
    73 | D        | Reached skill level 15 in Crossbows
    73 | D        | Reached skill level 15 in Throwing
    74 | D        | Noticed a meat beast
    74 | D        | Noticed a dread
    76 | D        | Killed a meat beast
    76 | D        | HP: 8/208 [??? (5)]
    77 | D        | Reached XP level 25. HP: 8/214 MP: 0/0
    77 | D        | Learned a level 8 spell: Maxwell's Capacitive Coupling
    77 | D        | Mangled by a meat beast

Illustrated notes

Levels and vault maps discovered:
D:        meatsprint

Skill      XL: |  1  2  3  4  5  6  7  8  9 10 11 12 13 14 15 16 17 18 19 20 21 22 23 24 |
---------------+-------------------------------------------------------------------------+-----
Axes           | 18 21 22 25 27 | 27.0
Dodging        | 11 13 14 15 18 23 25 27 | 27.0
Stealth        | 8 9 10 11 14 18 19 25 26 27 | 27.0
Fighting       | 3 8 16 19 27 | 27.0
Spellcasting   | 16 26 27 | 27.0
Short Blades   | 7 10 14 17 19 | 19.5
Long Blades    | 7 10 14 17 19 | 19.5
Maces & Flails | 6 9 12 14 17 | 17.0
Polearms       | 6 9 12 14 17 | 17.0
Staves         | 6 10 13 16 18 | 18.4
Slings         | 6 9 12 14 17 | 17.0
Bows           | 6 9 12 14 17 | 17.0
Crossbows      | 6 9 12 14 17 | 17.0
Throwing       | 6 9 12 14 17 | 17.0
Armour         | 7 10 14 17 19 | 19.9
Shields        | 7 10 14 17 19 | 19.9
Unarmed Combat | 7 10 14 17 19 | 19.9
Invocations    | 7 10 14 17 19 | 19.9
Evocations     | 7 10 14 17 19 | 19.9

Action                   |  1- 3 |  4- 6 |  7- 9 | 10-12 | 13-15 | 16-18 | 19-21 | 22-24 | 25-27 || total
-------------------------+-------+-------+-------+-------+-------+-------+-------+-------+-------++-------
Melee: Executioner's axe |     1 |       |       |     2 |     5 |     6 |    13 |    13 |       ||    40
 Cast: Death Channel     |       |       |       |       |       |       |       |     1 |       ||     1

Table legend: (Time is in decaauts)
 A = Elapsed time spent in this place.
 B = Non-inter-level travel time spent in this place.
 C = Inter-level travel time spent in this place.
 D = Time resting spent in this place.
 E = Time spent auto-exploring this place.
 F = Levels seen in this place.
 G = Mean time per level.
                   A        B        C        D        E       F      G
               +--------+--------+--------+--------+--------+-----+--------+
         Total |     65 |     65 |      0 |      0 |      0 |   1 |   65.0 |
       Dungeon |     65 |     65 |      0 |      0 |      0 |   1 |   65.0 |
               +--------+--------+--------+--------+--------+-----+--------+

Top non-repeatable levels by time:
       D: 65 daAuts
